 Dungeon Crawl Stone Soup version 0.28-a0-1518-gbe868bca14 (webtiles) character file.

Game seed: 8554995291053194270

8601 olmar the Basher (level 11, -2/68 HPs)
             Began as a Gargoyle Fighter on Jan 16, 2022.
             Was an Initiate of Gozag.
             Killed from afar by hashsling's ghost (34 damage)
             ... with a fireball
             ... on level 6 of the Dungeon.
             The game lasted 00:15:57 (11951 turns).

olmar the Basher (Gargoyle Fighter)                Turns: 11951, Time: 00:15:58

Health: -2/68      AC: 26    Str: 30    XL:     11   Next: 33%
Magic:  3/3        EV:  8    Int:  9    God:    Gozag
Gold:   1124       SH:  5    Dex: 11    Spells: 10/10 levels left

rFire   x . .      SeeInvis .   o - +6 flail "Noig" {antimagic, rElec rF- rCorr Str+6}
rCold   . . .      Faith    .   c - +0 buckler
rNeg    + . .      Spirit   .   g - +0 plate armour
rPois   ∞          Reflect  .   (helmet restricted)
rElec   +          Harm     .   h - +1 cloak
rCorr   +          Rampage  .   D - +0 pair of gloves
Will    .....                   (no boots)
Stlth   ..........              (no amulet)
HPRegen 0.21/turn               e - ring of wizardry
MPRegen 0.08/turn               (no ring)

@: no status effects
A: sickness immunity, AC +8, negative energy resistance 1, electricity
resistance, torment resistance 1, petrification resistance, antennae 1, agile 1,
noise suppression
a: Renounce Religion, Potion Petition, Call Merchant, Bribe Branch


You were on level 6 of the Dungeon.
You worshipped Gozag.
Gozag was most pleased with you.
You visited 2 branches of the dungeon, and saw 11 of its levels.
You also visited: Sewer.

You collected 1269 gold pieces.
You spent 49 gold pieces at shops.
You paid 96 gold pieces to Gozag.

Inventory:

Hand Weapons
 a - a +0 flail
 i - a +2 whip of distortion
 o - the +6 flail "Noig" (weapon) {antimagic, rElec rF- rCorr Str+6}
   (You found it on level 2 of the Dungeon)

   It reduces the magical energy of the wielder, and disrupts the spells and
   magical abilities of those it strikes.
   Natural abilities and divine invocations are not affected.
   Str:       It affects your strength (+6).
   rF:        It makes you vulnerable to fire.
   rElec:     It insulates you from electricity.
   rCorr:     It protects you from acid and corrosion.
Armour
 b - a +0 scale mail
 c - a +0 buckler (worn)
 g - a +0 plate armour (worn)
 h - a +1 cloak (worn)
 D - a +0 pair of gloves (worn)
Jewellery
 e - a ring of wizardry (left hand)
 x - a ring of wizardry
 E - a ring of see invisible
 G - a +4 ring of protection
Wands
 B - a wand of digging (7)
 C - a wand of paralysis (3)
Scrolls
 f - 4 scrolls of identify
 j - 3 scrolls of blinking
 l - 2 scrolls of amnesia
 n - 2 scrolls of magic mapping
 q - 2 scrolls of teleportation
 r - 3 scrolls of immolation
 t - a scroll of enchant armour
 u - a scroll of enchant weapon {unknown}
 v - a scroll of silence {unknown}
 y - a scroll of brand weapon {unknown}
 F - a scroll of summoning {unknown}
 H - a scroll of fog {unknown}
Potions
 d - a potion of might
 k - 2 potions of heal wounds
 m - 2 potions of brilliance {unknown}
 p - a potion of mutation
 s - 4 potions of curing
 w - 2 potions of cancellation {unknown}
 z - a potion of invisibility
 A - a potion of haste {unknown}
 I - a potion of attraction


   Skills:
 + Level 8.2 Fighting
 + Level 11.1 Maces & Flails
 + Level 10.5 Armour
 - Level 1.0 Dodging
 - Level 3.4 Stealth
 + Level 7.9 Shields


You had 10 spell levels left.
You didn't know any spells.
Your spell library contained the following spells:

 Spells                   Type           Power      Damage    Failure   Level
 Ensorcelled Hibernation  Hex/Ice        0%         N/A       88%         2
 Passwall                 Tmut/Erth      0%         N/A       88%         2
 Call Canine Familiar     Summ           0%         N/A       98%         3
 Gell's Gravitas          Tloc           0%         N/A       98%         3
 Lesser Beckoning         Tloc           0%         N/A       98%         3
 Ozocubu's Armour         Ice            0%         N/A       98%         3
 Portal Projectile        Hex/Tloc       0%         N/A       98%         3
 Swiftness                Air            0%         N/A       98%         3
 Teleport Other           Tloc           0%         N/A       98%         3
 Fulminant Prism          Conj/Hex       0%         3d6       100%        4
 Hailstorm                Conj/Ice       0%         3d3       100%        4
 Ice Form                 Ice/Tmut       0%         N/A       100%        4
 Iskenderun's Mystic Bla  Conj/Tloc      0%         2d3       100%        4
 Leda's Liquefaction      Hex/Erth       0%         N/A       100%        4
 Summon Ice Beast         Ice/Summ       0%         N/A       100%        4
 Lee's Rapid Deconstruct  Erth           0%         3d5*      100%        5


Dungeon Overview and Level Annotations

Branches:
Dungeon (10/15)            Temple (0/1) D:6            Lair (1/6) D:8
  Sewer (visited)
    Orc: D:9-12

Altars:
Ashenzari
Gozag
Hepliaklqana
Kikubaaqudgha
Ru
Trog
Uskayaw
Vehumet
Xom

Shops:
D:2 *   D:6 *

Annotations:
D:6 1 transporter, hashsling's ghost, novice DEWz
D:10 1 runed translucent door, Fannar
Abyss:1 Gastronok


Innate Abilities, Weirdness & Mutations

You are immune to sickness and miasma.
Your stone body is resilient. (AC +8)
You are immune to poison.
You resist negative energy. (rN+)
You are resistant to electric shocks. (rElec)
You are resistant to unholy torment.
You are immune to petrification.
You have a pair of small antennae on your head.
You are agile. (Dex +2)
You passively dampen the noise of your surroundings.


Message History

Hashsling's ghost hits you but does no damage.
You block the gnoll sergeant's attack.
Unknown command.
You closely miss hashsling's ghost.
Hashsling's ghost is severely damaged.
Hashsling's ghost's magic is no longer disrupted.
Hashsling's ghost mumbles some strange words.
Hashsling's ghost blinks!
The gnoll sergeant hits you but does no damage.
The iron imp laughs crazily.
Unknown command.
You closely miss the iron imp.
Hashsling's ghost whispers, "It is all a dream - a grotesque and foolish dream."
The gnoll sergeant hits you from afar with a +0 spear.
Unknown command.
You hit the iron imp.
The iron imp is moderately wounded.
The iron imp hits you but does no damage.
The gnoll sergeant hits you but does no damage.
The crimson imp closely misses you.
Unknown command.
You barely miss the iron imp.
The iron imp is moderately wounded.
The shadow imp disappears in a puff of smoke!
Hashsling's ghost casts a spell.
Hashsling's ghost blinks!
The iron imp barely misses you.
Unknown command.
Unknown command.
You sock the crimson imp!
The crimson imp's magic leaks into the air.
The crimson imp is heavily wounded.
The crimson imp hits you but does no damage.
The gnoll sergeant hits you but does no damage.
Hashsling's ghost points at you and mumbles some strange words.
The fireball explodes!
The fireball engulfs the crimson imp.
The crimson imp completely resists.
The fireball engulfs you!! The fire burns you terribly!
Ouch! That really hurt!
You die...
Your body crumbles into a pile of gold.

≈#.#.#.###.©.###.#.#.#≈≈.........
≈#..)###©#####.###...#≈≈.........
≈###...............###≈≈.........
≈.8#.##'###$######.#8.≈≈.........
≈.##.#...#$.8#...#.##.≈≈.######..
≈.#..'.$...©⌠#:..'g.#.≈≈.######..
≈.##.#..$#..8#...#{##.≈≈.........
≈.8#.##$###'######g#8.≈≈.#######.
≈###........$W.5@5§###≈≈.#######.
≈#...###.#####.###...#≈≈.........
≈#.#.#.###.©.###.#.#.#≈≈..#######
≈#####...........#####≈≈..#
≈≈≈≈≈≈≈≈≈≈≈≈≈≈≈≈≈≈≈≈≈≈≈≈..#
≈≈≈≈≈≈≈≈≈≈≈≈≈≈≈≈≈≈≈≈≈≈≈≈..#
.........................##
.....................#####
####.###.########.##.#


You could see a gnoll sergeant, an iron imp (summoned), hashsling's ghost and a
crimson imp (summoned, magic disrupted).

Vanquished Creatures
  A two-headed ogre (D:10)
  A komodo dragon (D:10)
  2 trolls (D:10)
  Grinder (D:5)
  A blink frog (D:8)
  A wraith (D:9)
  A wyvern (D:8)
  A steam dragon (D:4)
  2 water moccasins (D:8)
  A black bear (D:8)
  6 orc warriors
  An ice beast (D:7)
  3 sky beasts
  A necrophage (D:6)
  2 ogres
  A phantom (D:5)
  4 bullfrogs
  5 kobold brigands (Sewer)
  3 scorpions
  3 gnoll sergeants
  8 killer bees
  11 wights
  3 centaur zombies
  4 gnoll shamans
  2 hounds
  A jelly (D:4)
  A bullfrog skeleton (D:6)
  5 iguanas
  3 orc priests
  9 orc wizards
  2 killer bee zombies
  2 hound skeletons
  A howler monkey zombie (D:8)
  3 river rats
  8 adders
  19 gnolls
  An ufetubus (D:4)
  An adder skeleton (D:4)
  3 worms
  4 dart slugs
  29 orcs
  15 ball pythons
  17 endoplasms
  7 giant cockroaches
  6 goblins
  9 hobgoblins
  A jackal (D:4)
  6 quokkas
  8 bats
  9 frilled lizards
  10 kobolds
  6 rats
255 creatures vanquished.

Vanquished Creatures (others)
  6 plants (D:6)
6 creatures vanquished.

Grand Total: 261 creatures vanquished

Notes
Turn   | Place    | Note
-------+----------+-------------------------------------------
     0 | D:1      | olmar the Gargoyle Fighter began the quest for the Orb.
     0 | D:1      | Reached XP level 1. HP: 14/14 MP: 1/1
   142 | D:1      | Reached XP level 2. HP: 19/19 MP: 2/2
   609 | D:1      | Reached XP level 3. HP: 20/23 MP: 3/3
  1019 | D:1      | Found a faded altar of an unknown god.
  1221 | D:2      | Found Tozxuis's General Store.
  1335 | D:2      | Reached XP level 4. HP: 22/29 MP: 4/4
  1677 | D:2      | Identified the +6 flail "Noig" {antimagic, rElec rF- rCorr
                  | Str+6}
  1982 | D:2      | Reached skill level 3 in Maces & Flails
  2371 | D:3      | Got the Collected Works on Ice
  2536 | D:3      | Noticed a scorpion
  2540 | D:3      | Killed a scorpion
  2541 | D:3      | Reached skill level 4 in Maces & Flails
  2541 | D:3      | Reached XP level 5. HP: 29/33 MP: 5/5
  3290 | D:4      | Reached XP level 6. HP: 32/38 MP: 6/6
  3585 | D:4      | Noticed a steam dragon
  3625 | D:4      | Killed a steam dragon
  3626 | D:4      | Reached skill level 5 in Maces & Flails
  3626 | D:4      | Reached XP level 7. HP: 21/43 MP: 7/7
  3904 | D:4      | Reached skill level 5 in Shields
  3909 | D:4      | Reached skill level 5 in Armour
  4141 | D:5      | Entered Level 5 of the Dungeon
  4141 | D:5      | Found an opulent altar of Gozag.
  4246 | D:4      | Gained mutation: You have hidden genetic potential. [potion
                  | of mutation]
  4246 | D:4      | Gained mutation: You passively dampen the noise of your
                  | surroundings. [potion of mutation]
  4291 | D:5      | Became a worshipper of Gozag Ym Sagoz the Greedy
  4306 | D:5      | Found a glowing drain.
  4320 | Sewer    | Entered a sewer
  4511 | Sewer    | Reached skill level 6 in Maces & Flails
  4589 | Sewer    | Reached skill level 1 in Stealth
  4589 | Sewer    | Reached XP level 8. HP: 47/48 MP: 8/8
  5155 | Sewer    | Gained mutation: You are agile. (Dex +2) [hidden potential]
  5284 | Sewer    | Reached skill level 5 in Fighting
  5467 | D:5      | Noticed Grinder
  5474 | D:5      | Killed Grinder
  5475 | D:5      | Reached skill level 7 in Maces & Flails
  5802 | D:2      | Bought a scroll of immolation for 49 gold pieces
  5862 | D:6      | Found Hixt's Assorted Antiques.
  5979 | D:6      | Reached XP level 9. HP: 54/54 MP: 9/9
  6099 | D:6      | Reached skill level 8 in Maces & Flails
  6101 | D:6      | Gained mutation: You have a pair of small antennae on your
                  | head. [hidden potential]
  6101 | D:6      | Lost mutation: You have hidden genetic potential. [hidden
                  | potential expressed]
  6339 | D:6      | Found a sacrificial altar of Ru.
  6589 | D:6      | Identified the +0 scale mail of Autotheism {Dex+6}
  6627 | D:6      | Found a staircase to the Ecumenical Temple.
  6634 | D:6      | Found a transporter.
  6645 | D:6      | Found a transporter.
  7206 | D:7      | Reached skill level 9 in Maces & Flails
  7436 | D:7      | Found an ancient bone altar of Kikubaaqudgha.
  8212 | D:8      | Reached XP level 10. HP: 61/61 MP: 10/10
  8410 | D:8      | Found a staircase to the Lair.
  8427 | D:8      | Noticed Gastronok
  8716 | D:8      | Banished Gastronok
  8717 | D:8      | Reached skill level 10 in Maces & Flails
  8788 | D:8      | Reached skill level 1 in Dodging
  9320 | D:8      | Found a bloodstained altar of Trog.
  9619 | D:9      | Found a radiant altar of Vehumet.
  9638 | D:9      | Found a shimmering altar of Xom.
  9638 | D:9      | Found a hazy altar of Hepliaklqana.
 10282 | D:9      | Reached XP level 11. HP: 47/67 MP: 11/11
 10288 | D:9      | Reached skill level 10 in Armour
 10699 | D:10     | Entered Level 10 of the Dungeon
 10699 | D:10     | Noticed Fannar
 10700 | D:10     | Noticed a two-headed ogre
 10916 | D:10     | Noticed a +0 falchion
 10916 | D:10     | Noticed a +0 short sword
 10924 | D:10     | Noticed a +0 dagger
 10924 | D:10     | Noticed a +0 spear
 10925 | D:10     | Noticed a +0 dagger
 10926 | D:10     | Noticed a +0 spear
 10926 | D:10     | Noticed a +0 falchion
 10961 | D:10     | Noticed a +0 short sword
 11022 | D:10     | Noticed a two-headed ogre
 11022 | D:10     | Found a runed translucent door.
 11023 | D:10     | Noticed a boulder beetle
 11023 | D:10     | Found a hide-covered altar of Uskayaw.
 11029 | D:10     | Killed a two-headed ogre
 11035 | D:10     | Noticed an eight-headed hydra
 11046 | D:10     | Found a broken altar of Ashenzari.
 11287 | D:10     | Reached skill level 11 in Maces & Flails
 11557 | Lair:1   | Entered Level 1 of the Lair of Beasts
 11557 | Lair:1   | Noticed a six-headed hydra
 11557 | Lair:1   | Noticed a four-headed hydra
 11824 | D:6      | Noticed hashsling's ghost (novice DEWz)
 11951 | D:6      | Killed from afar by hashsling's ghost

Illustrated notes

Levels and vault maps discovered:
D:1:      amcnicky_arrival_choice, layout_basic, ebering_ecumenical_altar_rust,
          minmay_indecisive_spiral
D:2:      minmay_skewed_foursquare, layout_loops_corners, serial_shops, shop,
          minmay_tetromino_s2
D:3:      layout_basic
D:4:      minmay_chambers_of_fours, layout_rooms
D:5:      layout_cave_pools, nicolae_gozag_seed_capital, portal_sewer_entry_a,
          kennysheep_path_1, uniq_grinder
D:6:      layout_basic, nicolae_ru_great_annihilating_truth, temple_statues,
          gammafunk_ghost_gnarly_gnolls, serial_shops, shop, minivault_19
D:7:      layout_basic, mainiacjoe_overflow_concentric_impassable
D:8:      layout_basic, trog_butcher_becter, lair_entry_dummy,
          minmay_crossroads, uniq_gastronok
D:9:      layout_roguey, grunt_temple_overflow_open, nicolae_figureground_pulse
D:10:     layout_basic, nicolae_uskayaw_en_pointe,
          mainiacjoe_overflow_catwalk_spiral, nemelex_spade_bored_becter,
          nicolae_ashenzari_skybound, amcnicky_altar_gilded, grunt_ministairs_2,
          minmay_st_funbox, serial_park_tiny_2, minmay_misc_feat_enclosed,
          minmay_nine_imps, uniq_urug, uniq_fannar
Lair:1:   minmay_lair_oklob_chamber, layout_long_grid,
          portal_ice_cave_entry_imps, uniq_prince_ribbit2

Skill      XL: |  1  2  3  4  5  6  7  8  9 10 11 |
---------------+----------------------------------+-----
Maces & Flails | 4 5 6 7 9 10 11 | 11.1
Shields        | 4 5 6 7 |  7.9
Armour         | 4 5 6 8 9 10 | 10.5
Fighting       | 4 5 6 7 8 |  8.2
Stealth        | 1 2 3 |  3.4
Dodging        | 1 |  1.0

Action                   |  1- 3 |  4- 6 |  7- 9 | 10-12 || total
-------------------------+-------+-------+-------+-------++-------
Melee: Flail             |   122 |       |       |    75 ||   197
       Whip              |    36 |   168 |   367 |   298 ||   869
Evoke: Wand              |       |       |       |     4 ||     4
  Use: Potion            |       |       |     6 |     2 ||     8
       Scroll            |       |       |     5 |     1 ||     6
 Stab: Invisible         |       |       |     1 |       ||     1
       Distracted        |       |       |     1 |       ||     1
       Paralysed         |       |       |     1 |     2 ||     3
Armor: Scale mail        |    44 |       |       |       ||    44
       Plate armour      |    85 |   107 |   163 |   222 ||   577
Dodge: Dodged            |    67 |    41 |    70 |   100 ||   278
Block: Buckler           |    42 |    29 |    43 |    73 ||   187

Table legend: (Time is in decaauts)
 A = Elapsed time spent in this place.
 B = Non-inter-level travel time spent in this place.
 C = Inter-level travel time spent in this place.
 D = Time resting spent in this place.
 E = Time spent auto-exploring this place.
 F = Levels seen in this place.
 G = Mean time per level.
                   A        B        C        D        E       F      G
               +--------+--------+--------+--------+--------+-----+--------+
         Total |  11972 |  11122 |    850 |   1522 |   7495 |  12 |  997.7 |
       Dungeon |  10810 |   9960 |    850 |   1427 |   6686 |  10 | 1081.0 |
          Lair |      6 |      6 |      0 |      0 |      0 |   1 |    6.0 |
         Sewer |   1155 |   1155 |      0 |     95 |    808 |   1 | 1155.0 |
               +--------+--------+--------+--------+--------+-----+--------+

Top non-repeatable levels by time:
     D:9: 1577 daAuts
     D:8: 1388 daAuts
     D:6: 1269 daAuts
     D:7: 1243 daAuts
     D:1: 1210 daAuts
   Sewer: 1155 daAuts
     D:3: 1137 daAuts
     D:4: 1109 daAuts
     D:2: 1056 daAuts
     D:5: 525 daAuts
    D:10: 292 daAuts
  Lair:1: 6 daAuts
